 Dungeon Crawl Stone Soup version 0.21.0-37-g46506fa (webtiles) character file.

150022 garbagetei the Bludgeoner (level 17, -1/104 HPs)
             Began as a Gargoyle Fighter on Jan 30, 2018.
             Was the Champion of Okawaru.
             Slain by a flail of crushing (4 damage)
             ... on level 1 of the Elven Halls.
             The game lasted 02:04:38 (38620 turns).

garbagetei the Bludgeoner (Gargoyle Fighter)       Turns: 38620, Time: 02:04:39

Health: -1/104     AC: 32    Str: 29    XL:     17   Next: 52%
Magic:  31/31      EV: 12    Int: 14    God:    Okawaru [******]
Gold:   1835       SH:  3    Dex:  6    Spells: 32/37 levels left

rFire    + . .     SeeInvis .   Q - +3 great mace "Ocsuimic" {flame, rElec}
rCold    + + +     Gourm    .   (shield currently unavailable)
rNeg     + + .     Faith    .   a - +0 ice dragon scales
rPois    ∞         Spirit   .   I - +1 hat {MR+}
rElec    +         Reflect  +   V - scarf {repulsion}
rCorr    .         Harm     .   m - +2 pair of gloves {Str+3}
MR       ++...                  w - +0 pair of boots of Distant Worlds {rF++ rC+++ Dex-3 Slay+4}
Stlth    ..........             T - +3 amulet of reflection
HPRegen  0.27/turn              (no ring)
MPRegen  0.22/turn              b - ring of Sasidab {Wiz rN+ Str+2}

@: repel missiles
A: big wings, repulsion field 1, negative energy resistance 1, electricity
resistance, strong 1, unbreathing, petrification resistance, rot immunity, AC
+12
a: Fly, Heroism, Finesse, Renounce Religion


You were on level 1 of the Elven Halls.
You worshipped Okawaru.
Okawaru was exalted by your worship.
You were not hungry.

You visited 7 branches of the dungeon, and saw 29 of its levels.
You also visited: Sewer.

You collected 3300 gold pieces.
You spent 1465 gold pieces at shops.

Inventory:

Hand Weapons
 K - a +3 great mace of protection
 Q - the +3 great mace "Ocsuimic" (weapon) {flame, rElec}
   (You bought it in a shop on level 1 of the Orcish Mines)

   It has been specially enchanted to burn those struck by it, causing extra
   injury to most foes and up to half again as much damage against particularly
   susceptible opponents.
   It insulates you from electricity.
Armour
 a - +0 ice dragon scales (worn)
 m - a +2 pair of gloves of strength (worn)
 p - a +1 ring mail of fire resistance
 r - a +2 helmet of see invisible
 w - the +0 pair of boots of Distant Worlds (worn) {rF++ rC+++ Dex-3 Slay+4}
   (You bought it in a shop on level 2 of the Orcish Mines)

   It affects your dexterity (-3).
   It affects your accuracy and damage with ranged weapons and melee attacks
   (+4).
   It greatly protects you from fire.
   It renders you almost immune to cold.
 I - a +1 hat of magic resistance (worn)
 V - a scarf of repulsion (worn)
Jewellery
 b - the ring of Sasidab (right hand) {Wiz rN+ Str+2}
   (You bought it in a shop on level 13 of the Dungeon)

   [ring of wizardry]

   It improves your spell success rate.
   It affects your strength (+2).
   It protects you from negative energy.
 f - an uncursed ring of wizardry
 g - an uncursed amulet of magic regeneration
 y - an uncursed ring of protection from magic
 B - an uncursed ring of see invisible
 M - an uncursed amulet of guardian spirit
 T - a +3 amulet of reflection (around neck)
 W - a +3 ring of intelligence
 Z - a +3 ring of protection
Wands
 c - a wand of enslavement (16)
 i - a wand of clouds (4)
 s - a wand of iceblast (39)
 D - a wand of random effects (29)
 J - a wand of paralysis (54)
 R - a wand of acid (14)
 X - a wand of disintegration (15)
 Y - a wand of flame (42)
Scrolls
 h - 13 scrolls of teleportation
 n - 2 scrolls of enchant armour
 q - 7 scrolls of amnesia
 x - 3 scrolls of blinking
 A - 3 scrolls of enchant weapon
 C - 2 scrolls of magic mapping
 E - a scroll of fear
 G - 4 scrolls of identify
 L - 2 scrolls of summoning
 O - 15 scrolls of remove curse
 P - a scroll of fog
 U - 3 scrolls of brand weapon
Potions
 d - 8 potions of might
 e - a potion of invisibility
 j - 7 potions of agility
 k - 8 potions of heal wounds
 l - 9 potions of curing
 t - 3 potions of haste
 u - 5 potions of lignification
 z - a potion of cancellation
 F - 2 potions of magic
 H - 3 potions of resistance
 N - 3 potions of brilliance
 S - 3 potions of berserk rage
Books
 o - the Compendium of Darkness
   (You found it on level 1 of the Elven Halls)

   Spells                             Type                      Level
   a - Pain                           Necromancy                   1
   b - Excruciating Wounds            Charms/Necromancy            5
   c - Bolt of Draining               Conjuration/Necromancy       5
   d - Agony                          Necromancy                   5
Comestibles
 v - 32 rations


   Skills:
 + Level 11.4 Fighting
 * Level 19.0 Maces & Flails
 + Level 10.7 Armour
 - Level 2.8 Dodging
   Level 11.2 Shields
 * Level 10.7 Spellcasting
 * Level 7.9 Charms
 + Level 1.4 Ice Magic
 + Level 1.2 Air Magic
 + Level 2.8 Invocations


You had 32 spell levels left.
You knew the following spells:

 Your Spells              Type           Power        Failure   Level  Hunger
a - Ozocubu's Armour      Chrm/Ice       ###.....     3%          3    None
b - Swiftness             Chrm/Air       ###.....     1%          2    None


Dungeon Overview and Level Annotations

Branches:
Dungeon (15/15)            Temple (1/1) D:4            Lair (6/6) D:11
  Swamp (0/4) Lair:2        Snake (0/4) Lair:2        Slime (1/5) Lair:6
    Orc (2/2) D:11            Elf (3/3) Orc:2        Depths (1/5) D:15
 Vaults: D:13-14

Altars:
Ashenzari
Cheibriados
Fedhas
Gozag
Hepliaklqana
Kikubaaqudgha
Makhleb
Nemelex Xobeh
Okawaru
Qazlal
Ru
Sif Muna
Trog
Uskayaw
Vehumet
Wu Jian
Xom
Beogh

Shops:
D:13 =   Orc:1 (   Orc:2 [(*=*

Annotations:
D:14 Rhok's ghost, journeyman DECj
Lair:5 exclusion: 2 oklob plants


Innate Abilities, Weirdness & Mutations

You are resistant to torment.
Your stone body is resilient. (AC +12)
You are immune to poison.
Your large and strong wings let you fly indefinitely.
You resist negative energy. (rN+)
You are resistant to electric shocks. (rElec)
You can survive without breathing.
You are immune to petrification.
You are immune to rotting.
You are surrounded by a mild repulsion field. (EV +2)
Your muscles are strong. (Str +2)


Message History

You hit the flail of crushing.
The flail of crushing is lightly damaged.
The flail of crushing hits you!
* * * LOW HITPOINT WARNING * * *
x2 You closely miss the flail of crushing.
The flail of crushing is lightly damaged.
The flail of crushing hits you but does no damage.
You thump the flail of crushing! You burn the flail of crushing.
The flail of crushing is severely damaged.
You feel like a meek peon again. The flail of crushing hits you.
* * * LOW HITPOINT WARNING * * *
x2 The flail of crushing hits you but does no damage.
There is an open door, spattered with blood here.
Things that are here:
a glowing shield {Donald}; a plate armour; a demon trident of electrocution
There is an open door here.
The flail of crushing hits you!
* * * LOW HITPOINT WARNING * * *
You die...

##..#'.......##.##'#... #########
####.........#####.... ........#
##...........# #..... ........#
#...[.......###..... .......##
#...........+.'...(.
.......#######...........###.....
.......'.....'......(....# #.[...
#.....#########.........## ##(.([
##...#'## ##@......## ##(#...
#...##.## ##(#.....## ##(#####
##.####.#####[####'### ##.## #
#.# ##.#..>## #.# ##.## # # ###
##'...## #/# ##.## ### ## #.....#
#'###.## ##.. .##### ##>..##
##...'## ##... #'##.### #...#
##.....## ##.... ##.....# #'###
#.......# #.....


You could see a flail of crushing.

Vanquished Creatures
  Frances (D:13)
  Kirke (D:15)
  Donald (Elf:1)
  2 orc warlords (Orc:2)
  Azrael (D:12)
  A deep elf death mage (Elf:1)
  A crystal guardian (Elf:3)
  Erolcha (Orc:1)
  Fannar (Orc:1)
  Erica (Orc:1)
  5 hydras
  A catoblepas (Lair:6)
  3 two-headed ogres
  9 dancing weapons
  A deep troll shaman (Lair:6)
  An orc high priest (Orc:2)
  Urug (D:14)
  10 death yaks
  The ghost of bmj180 the Geomancer, a novice GrEE of Vehumet (D:8)
  7 deep elf knights
  An unseen horror (D:10)
  A glowing orange brain (D:15)
  10 deep elf archers
  A swamp dragon (shapeshifter) (D:15)
  A lindwurm (Lair:6)
  9 orc knights
  3 necromancers (Elf:1)
  35 deep elf magi
  4 orc sorcerers
  4 ugly things
  A wolf spider (D:15)
  2 manticores (D:12)
  2 centaur zombies (D:15)
  11 elephants
  A black mamba (shapeshifter) (D:15)
  A water nymph (shapeshifter) (Elf:3)
  5 black mambas
  14 spiny frogs
  A kobold demonologist (D:13)
  3 rime drakes
  7 komodo dragons
  9 trolls
  The ghost of tidbits the Charmwright, an amateur GnSk (D:5)
  A polar bear (Lair:6)
  11 slime creatures
  9 blink frogs
  17 dream sheep
  3 large abominations (Elf:1)
  5 hippogriffs
  A blink frog (shapeshifter) (D:15)
  Sigmund (D:2)
  An air elemental (Elf:2)
  A centaur simulacrum (D:14)
  2 water elementals
  3 spriggans (shapeshifter)
  2 wraiths
  A human (shapeshifter) (Elf:3)
  A shadow (D:13)
  A wyvern (Lair:5)
  23 yaks
  2 hungry ghosts
  6 fire elementals
  Grum (D:10)
  4 basilisks
  7 hogs (D:13)
  8 wargs
  4 vampire mosquitoes (Lair:2)
  6 nagas (Lair:2)
  9 water moccasins
  2 acid dragons (D:15)
  4 hell hounds
  3 sky beasts
  14 porcupines
  2 black bears
  5 phantoms
  44 orc warriors
  An eye of draining (shapeshifter) (D:15)
  3 ice beasts
  A hornet zombie (D:15)
  A necrophage (D:12)
  8 ogres
  3 centaurs
  55 wolves
  13 crocodiles
  3 elf zombies (Elf:1)
  The ghost of hexophile the Ducker, an amateur SpTm (D:3)
  4 big kobolds
  17 bullfrogs
  2 earth elementals
  A gnoll sergeant (D:7)
  2 wyvern zombies
  5 scorpions
  A wyvern skeleton (D:11)
  11 killer bees
  12 wights
  2 howler monkeys (D:9)
  3 electric eels (Lair:2)
  7 crimson imps
  A bullfrog zombie (D:10)
  3 quasits
  4 hounds
  4 bullfrog skeletons
  2 jellies
  25 orc priests
  33 orc wizards
  5 centaur skeletons
  Jessica (D:2)
  Terence (D:2)
  7 iguanas
  Natasha (thrice) (D:3)
  2 hell rats (Lair:3)
  7 worker ants
  A killer bee zombie (D:9)
  A worker ant zombie (D:5)
  A howler monkey skeleton (D:6)
  12 adders
  5 gnolls
  10 river rats
  7 shadow imps
  2 oozes
  An adder zombie (D:6)
  3 worms
  4 dart slugs
  3 leopard geckos
  88 orcs
  7 ball pythons
  6 bats
  5 giant cockroaches
  7 goblins
  6 hobgoblins
  10 jackals
  2 quokkas
  8 frilled lizards
  A jackal skeleton (D:7)
  25 kobolds
  A quokka skeleton (D:9)
  2 quokka zombies (D:5)
  29 rats
  A fungus (Lair:1)
883 creatures vanquished.

Vanquished Creatures (others)
  2 deep elf knights (Elf:1)
  A deep elf mage (Elf:2)
  A centaur (D:9)
  An orc wizard (Orc:1)
  An orc priest (Orc:1)
  3 orcs (Orc:1)
  A bush (Lair:6)
  13 fungi
  31 plants
54 creatures vanquished.

Grand Total: 937 creatures vanquished

Notes
Turn   | Place    | Note
-------+----------+-------------------------------------------
     0 | D:1      | garbagetei the Gargoyle Fighter began the quest for the Orb.
     0 | D:1      | Reached XP level 1. HP: 14/14 MP: 1/1
    18 | D:1      | You fall through a shaft!
   125 | D:2      | Noticed Sigmund
   268 | D:3      | Noticed Natasha
   273 | D:3      | Noticed a crimson imp
   273 | D:3      | Killed Natasha
   273 | D:3      | Reached XP level 2. HP: 10/19 MP: 1/3
   273 | D:3      | Reached XP level 3. HP: 12/23 MP: 1/4
   446 | D:3      | Noticed hexophile's ghost (amateur SpTm)
   536 | D:4      | Reached skill level 1 in Spellcasting
   536 | D:4      | Reached XP level 4. HP: 23/29 MP: 5/5
   601 | D:4      | Found a staircase to the Ecumenical Temple.
   909 | D:4      | Found a glowing drain.
   918 | Sewer    | Entered a sewer
   963 | Sewer    | Noticed a big kobold
   989 | Sewer    | Killed a big kobold
   989 | Sewer    | Reached skill level 3 in Maces & Flails
   989 | Sewer    | Reached skill level 1 in Dodging
   989 | Sewer    | Reached XP level 5. HP: 33/33 MP: 7/7
  1129 | Sewer    | Noticed a big kobold
  1146 | Sewer    | Killed a big kobold
  1146 | Sewer    | Reached XP level 6. HP: 34/38 MP: 7/9
  1783 | Temple   | Entered the Ecumenical Temple
  1912 | Temple   | Became a worshipper of Warmaster Okawaru
  2047 | D:3      | Reached skill level 5 in Shields
  2130 | D:3      | Killed hexophile's ghost
  2130 | D:3      | Reached skill level 4 in Maces & Flails
  2130 | D:3      | Reached XP level 7. HP: 37/43 MP: 10/10
  2201 | D:3      | Found a sparkling altar of Nemelex Xobeh.
  2246 | D:3      | Noticed Natasha
  2250 | D:3      | Killed Natasha
  2881 | D:3      | Noticed Natasha
  2897 | D:3      | Killed Natasha
  2963 | D:2      | Paralysed by fainting for 10 turns
  3072 | D:2      | Paralysed by fainting for 9 turns
  3215 | D:2      | Noticed Jessica
  4230 | D:2      | Noticed Terence
  4245 | D:2      | Killed Terence
  4393 | D:2      | Killed Sigmund
  4424 | D:2      | Killed Jessica
  4765 | D:5      | Entered Level 5 of the Dungeon
  4829 | D:5      | Reached skill level 5 in Maces & Flails
  4829 | D:5      | Reached XP level 8. HP: 48/48 MP: 12/12
  4937 | D:5      | Noticed tidbits's ghost (amateur GnSk)
  5018 | D:5      | Killed tidbits's ghost
  5018 | D:5      | Reached * piety under Okawaru
  5082 | D:5      | Reached skill level 6 in Maces & Flails
  5432 | D:5      | Reached skill level 5 in Armour
  5881 | D:5      | Reached XP level 9. HP: 53/53 MP: 15/15
  6070 | D:6      | Reached ** piety under Okawaru
  6106 | D:6      | Reached skill level 5 in Fighting
  6259 | D:6      | Got a shimmering war axe {chop}
  6328 | D:6      | Paralysed by a centaur for 3 turns
  6336 | D:6      | Paralysed by a centaur for 4 turns
  6347 | D:6      | Reached skill level 7 in Maces & Flails
  7569 | D:7      | Reached skill level 5 in Spellcasting
  7696 | D:8      | Noticed bmj180's ghost (novice GrEE)
  8218 | D:7      | Reached XP level 10. HP: 59/59 MP: 17/17
  8539 | D:7      | Reached *** piety under Okawaru
  9144 | D:8      | Reached skill level 8 in Maces & Flails
  9830 | D:8      | You fall through a shaft for 3 floors!
  9847 | D:11     | Noticed a manticore
 10489 | D:12     | Killed a manticore
 10969 | D:11     | Found a staircase to the Orcish Mines.
 10979 | Orc:1    | Entered Level 1 of the Orcish Mines
 11046 | D:10     | Entered Level 10 of the Dungeon
 11046 | D:10     | Noticed a two-headed ogre
 11121 | D:11     | Reached **** piety under Okawaru
 11625 | D:9      | Reached skill level 9 in Maces & Flails
 11757 | D:9      | Reached XP level 11. HP: 34/64 MP: 18/20
 12146 | D:8      | Found an opulent altar of Gozag.
 12238 | D:8      | Killed bmj180's ghost
 12238 | D:8      | Reached skill level 10 in Shields
 13853 | D:10     | Killed a two-headed ogre
 14149 | D:10     | Noticed an unseen horror
 14204 | D:10     | Killed an unseen horror
 14302 | D:10     | Noticed Grum
 14378 | D:9      | Reached ***** piety under Okawaru
 14533 | D:10     | Killed Grum
 14707 | D:10     | Reached skill level 10 in Maces & Flails
 15258 | D:11     | Found a staircase to the Lair.
 15385 | Lair:1   | Entered Level 1 of the Lair of Beasts
 15442 | Lair:1   | Learned a level 3 spell: Ozocubu's Armour
 15488 | Lair:1   | Received a gift from Okawaru
 15589 | Lair:1   | Noticed a seven-headed hydra
 15596 | Lair:1   | Killed a seven-headed hydra
 15596 | Lair:1   | Reached skill level 1 in Charms
 15596 | Lair:1   | Reached XP level 12. HP: 63/72 MP: 20/23
 15961 | Lair:1   | Noticed a five-headed hydra
 15976 | Lair:1   | Killed a five-headed hydra
 15976 | Lair:1   | Reached skill level 1 in Invocations
 16505 | Lair:2   | Noticed an eight-headed hydra
 17139 | D:12     | Gained mutation: Your muscles are strong. (Str +2) [potion of mutation]
 17139 | D:12     | Gained mutation: You are surrounded by a mild repulsion field. (EV +2) [potion of mutation]
 17147 | D:12     | Learned a level 2 spell: Swiftness
 17167 | D:12     | Noticed Azrael
 17520 | Lair:2   | Received a gift from Okawaru
 17539 | Lair:2   | Reached skill level 11 in Maces & Flails
 17548 | Lair:2   | Found a staircase to the Snake Pit.
 17722 | Lair:2   | Found a staircase to the Swamp.
 19288 | Lair:3   | Reached skill level 12 in Maces & Flails
 19753 | Lair:3   | Noticed a death yak
 19753 | Lair:3   | Noticed a death yak
 19753 | Lair:3   | Noticed a death yak
 19755 | Lair:3   | Noticed a death yak
 19767 | Lair:3   | Killed a death yak
 19767 | Lair:3   | Reached XP level 13. HP: 44/78 MP: 23/25
 20994 | Lair:4   | Reached skill level 13 in Maces & Flails
 21735 | Lair:4   | Reached ****** piety under Okawaru
 22517 | Lair:4   | Received a gift from Okawaru
 22606 | Lair:5   | Reached skill level 14 in Maces & Flails
 22888 | Lair:6   | Entered Level 6 of the Lair of Beasts
 23121 | Lair:6   | Received a gift from Okawaru
 23121 | Lair:6   | Gained mutation: Your large and strong wings let you fly indefinitely. [Gargoyle growth]
 23121 | Lair:6   | Reached XP level 14. HP: 84/84 MP: 27/27
 23773 | Lair:6   | Reached skill level 15 in Maces & Flails
 23810 | Lair:6   | Identified the Guide on the Snowflakes
 24157 | Lair:6   | Found a staircase to the Slime Pits.
 24162 | Slime:1  | Entered Level 1 of the Pits of Slime
 24165 | Slime:1  | Noticed an azure jelly
 24257 | Lair:6   | Reached skill level 5 in Charms
 24922 | Lair:1   | Received a gift from Okawaru
 26161 | D:13     | Found Geasell Icif's Jewellery Shoppe.
 26529 | D:13     | Reached skill level 16 in Maces & Flails
 26529 | D:13     | Reached skill level 10 in Armour
 26529 | D:13     | Reached skill level 1 in Ice Magic
 26529 | D:13     | Reached skill level 1 in Air Magic
 26529 | D:13     | Reached XP level 15. HP: 92/92 MP: 28/28
 26708 | D:13     | Noticed Frances
 26723 | D:13     | Killed Frances
 26805 | D:13     | Reached skill level 10 in Fighting
 26868 | D:13     | Bought the ring of Sasidab {Wiz rN+ Str+2} for 499 gold pieces
 27167 | D:15     | Entered Level 15 of the Dungeon
 27376 | D:15     | Found a blossoming altar of Fedhas.
 27384 | D:15     | Reached XP level 16. HP: 97/97 MP: 29/29
 27696 | D:15     | Reached skill level 10 in Spellcasting
 28065 | D:15     | Found a staircase to the Depths.
 28079 | Depths:1 | Entered Level 1 of the Depths
 28342 | D:14     | Noticed Kirke
 28363 | D:14     | Noticed a sphinx
 28392 | D:15     | Killed Kirke
 28392 | D:15     | Received a gift from Okawaru
 28434 | D:14     | Noticed Rhok's ghost (journeyman DECj)
 29314 | D:14     | Noticed Urug
 29336 | D:14     | Killed Urug
 29670 | D:12     | Killed Azrael
 30206 | Orc:1    | Noticed Fannar
 30479 | D:11     | HP: 4/97 [orc warrior/mace[an orc knight] (26)]
 31015 | Orc:1    | Killed Fannar
 31015 | Orc:1    | Reached skill level 17 in Maces & Flails
 31039 | Orc:1    | Noticed Erolcha
 31132 | Orc:1    | Killed Erolcha
 31135 | Orc:1    | Found an iron altar of Okawaru.
 31181 | Orc:1    | Noticed Erica
 31189 | Orc:1    | Killed Erica
 31292 | Orc:1    | Found Yceen's Antique Weapon Shop.
 31300 | Orc:1    | Bought a crystal great mace for 264 gold pieces
 31310 | Orc:1    | Identified the +3 great mace "Ocsuimic" {flame, rElec} (You bought it in a shop on level 1 of the Orcish Mines)
 31361 | Orc:2    | Entered Level 2 of the Orcish Mines
 31363 | Orc:2    | Found a staircase to the Elven Halls.
 31495 | Elf:1    | Entered Level 1 of the Elven Halls
 31531 | Orc:2    | Found Xaatall's Assorted Antiques.
 31538 | Orc:2    | Found a deep blue altar of Sif Muna.
 31539 | Orc:2    | Bought a scroll of identify for 66 gold pieces
 31539 | Orc:2    | Bought a scroll of identify for 66 gold pieces
 33310 | Orc:2    | Found a roughly hewn altar of Beogh.
 33328 | Orc:2    | Found Nosoagepp's Jewellery Emporium.
 33349 | Orc:2    | Found Vudae's Antique Weapon Emporium.
 33358 | Orc:2    | Found Dioweime's Antique Armour Emporium.
 33485 | Orc:2    | Found Initezao's General Store.
 33534 | Orc:2    | Bought a pair of spiked boots for 285 gold pieces
 33539 | Orc:2    | Identified the +0 pair of boots of Distant Worlds {rF++ rC+++ Dex-3 Slay+4} (You bought it in a shop on level 2 of the Orcish Mines)
 33590 | Orc:2    | Bought an ancient helmet for 285 gold pieces
 33604 | Orc:2    | Identified the cursed +0 helmet of Faikehue {rPois} (You bought it in a shop on level 2 of the Orcish Mines)
 34004 | Orc:2    | Received a gift from Okawaru
 34542 | Elf:1    | Reached skill level 18 in Maces & Flails
 34550 | Elf:1    | Identified the Compendium of Darkness
 35070 | Elf:1    | Reached XP level 17. HP: 98/104 MP: 31/31
 35747 | Elf:3    | Entered Level 3 of the Elven Halls
 37441 | Elf:2    | Received a gift from Okawaru
 37687 | Elf:2    | Found a runed gate.
 37687 | Elf:2    | Found a runed gate.
 37687 | Elf:2    | Found a runed gate.
 38100 | Elf:2    | Noticed Donald
 38390 | Elf:1    | Killed Donald
 38390 | Elf:1    | Reached skill level 19 in Maces & Flails
 38620 | Elf:1    | HP: 3/104 [flail of crushing (12)]
 38620 | Elf:1    | Slain by a flail of crushing

Skill      XL: |  1  2  3  4  5  6  7  8  9 10 11 12 13 14 15 16 17 |
---------------+----------------------------------------------------+-----
Spellcasting   | 1 2 3 4 5 6 7 8 9 10 | 10.7
Shields        | 4 5 6 8 9 11 | 11.2
Maces & Flails | 3 4 5 6 7 9 10 12 14 16 18 19 | 19.0
Dodging        | 1 2 |  2.8
Armour         | 4 5 6 7 8 9 10 | 10.7
Fighting       | 4 5 6 7 8 9 10 11 | 11.4
Charms         | 1 3 4 6 7 |  7.9
Invocations    | 1 2 |  2.8
Ice Magic      | 1 |  1.4
Air Magic      | 1 |  1.2

Action                   |  1- 3 |  4- 6 |  7- 9 | 10-12 | 13-15 | 16-18 || total
-------------------------+-------+-------+-------+-------+-------+-------++-------
Melee: Flail             |    53 |   289 |   791 |  1133 |       |       ||  2266
       Morningstar       |       |       |       |    26 |       |       ||    26
       Great mace        |       |       |       |   333 |   885 |  1126 ||  2344
 Cast: Swiftness         |       |       |       |     1 |       |       ||     1
Invok: Heroism           |       |       |     3 |    13 |     8 |    18 ||    42
Evoke: Wand              |       |       |     1 |     5 |       |     3 ||     9
  Use: Scroll            |       |       |     8 |    21 |     8 |     6 ||    43
       Potion            |       |       |     1 |     3 |     3 |     3 ||    10
  Eat: Chunk             |       |     4 |    17 |    35 |    16 |    25 ||    97
       Ration            |       |       |     2 |     1 |     3 |     4 ||    10
Armor: Scale mail        |    44 |   181 |   195 |       |       |       ||   420
       Chain mail        |       |       |   235 |  1012 |   880 |    86 ||  2213
       Ice dragon scales |       |       |       |       |       |   629 ||   629
       Ring mail         |       |       |       |       |       |    70 ||    70
Dodge: Dodged            |    19 |   106 |   273 |   641 |   724 |   630 ||  2393
       Deflected         |       |       |       |     4 |     6 |    71 ||    81
Block: Shield            |    34 |   199 |   503 |   896 |       |       ||  1632
       Reflection        |       |       |       |    11 |       |    10 ||    21
       Other             |       |       |       |    59 |   166 |   121 ||   346
